 Dungeon Crawl Stone Soup version 0.25.0-45-g978344163c (webtiles) character file.

Game seed: 16183113244500241494

46 Milting the Firebug (level 3, -6/28 HPs)
             Began as a Draconian Fire Elementalist on July 11, 2020.
             Was an Initiate of Vehumet.
             Mangled by an ogre
             ... wielding a +0 giant spiked club
              (23 damage)
             ... on level 2 of the Dungeon.
             The game lasted 00:06:33 (1469 turns).

Milting the Firebug (Draconian Fire Elementalist)   Turns: 1469, Time: 00:06:34

Health: -6/28      AC:  5    Str: 10    XL:     3   Next: 46%
Magic:  1/6        EV: 12    Int: 16    God:    Vehumet [......]
Gold:   85         SH:  0    Dex: 11    Spells: 5/6 levels left

rFire    . . .     SeeInvis .   (no weapon)
rCold    . . .     Gourm    .   (no shield)
rNeg     . . .     Faith    .   (armour unavailable)
rPois    .         Spirit   .   (helmet restricted)
rElec    .         Reflect  .   (no cloak)
rCorr    .         Harm     .   (no gloves)
MR       .....                  (no boots)
Stlth    ++........             (no amulet)
HPRegen  0.09/turn              (no ring)
MPRegen  0.10/turn              (no ring)

@: no status effects
A: unfitting armour, cold-blooded, AC +5
a: Renounce Religion


You were on level 2 of the Dungeon.
You worshipped Vehumet.
Vehumet was noncommittal.
You were not hungry.

You visited 1 branch of the dungeon, and saw 2 of its levels.

You collected 85 gold pieces.

Inventory:

Scrolls
 a - a scroll of magic mapping {unknown}
 c - a scroll of fear {unknown}
 e - a scroll of noise {unknown}
 f - 3 scrolls of identify {unknown}
 g - a scroll of random uselessness {unknown}
Potions
 d - 2 potions of curing {unknown}
Comestibles
 b - 4 rations
 h - 2 chunks of flesh


   Skills:
 + Level 1.1 Fighting
 + Level 2.1 Dodging
 - Level 1.7 Stealth
 - Level 0.8 Unarmed Combat
 + Level 2.3 Spellcasting
 + Level 1.5 Conjurations
 + Level 3.4 Fire Magic


You had 5 spell levels left.
You knew the following spells:

 Your Spells              Type           Power        Failure   Level  Hunger
a - Foxfire               Conj/Fire      #...         7%          1    #......

Your spell library contained the following spells:

 Spells                   Type           Power        Failure   Level  Hunger
 Conjure Flame            Conj/Fire      #.......     22%         3    ###....
 Inner Flame              Hex/Fire       #.......     30%         3    ###....
 Sticky Flame             Conj/Fire      #.......     56%         4    #####..
 Fireball                 Conj/Fire      #.........   89%         5    ######.


Dungeon Overview and Level Annotations

Branches:
Dungeon (2/15)

Altars:
Vehumet


Innate Abilities, Weirdness & Mutations

Your plain brown scales are hard. (AC +5)
You cannot fit into any form of body armour.
You are cold-blooded and may be slowed by cold attacks.


Message History

Confirm with . or Enter, or press ? or * to list all spells.
You conjure some foxfire!
The ogre hits you with a +0 giant spiked club!
The foxfire hits the ogre.
The ogre is severely wounded.
The foxfire hits the ogre but does no damage.
The ogre is severely wounded.
Casting: Foxfire (safe; 7% risk of failure)
Confirm with . or Enter, or press ? or * to list all spells.
You conjure some foxfire!
The foxfire hits the ogre.
The ogre is almost dead.
The foxfire hits the ogre.
The ogre is almost dead.
Casting: Foxfire (safe; 7% risk of failure)
Confirm with . or Enter, or press ? or * to list all spells.
You conjure some foxfire!
The ogre hits you with a +0 giant spiked club!!
Ouch! That really hurt!
You die...

#..........# #..☼.......#
#...☼......# ##..☼_.○..##
##..☼.§...##
############.....§....#
....................>.#######
...#########....§v...........
##.# #....@O....#######
#..########....v.....#
##.......................
#########...............
#.....##..).........
#.###...............
####.##<.##............
######(......###......#...>#
.........)...........


You could see an ogre.

Vanquished Creatures
  An adder (D:2)
  A dart slug (D:1)
  2 leopard geckos (D:1)
  3 giant cockroaches (D:1)
  3 goblins
  3 hobgoblins (D:1)
  4 jackals (D:1)
  5 bats (D:1)
  3 frilled lizards (D:1)
  A kobold (D:1)
  5 rats
31 creatures vanquished.

Vanquished Creatures (others)
  61 foxfires
61 creatures vanquished.

Grand Total: 92 creatures vanquished

Notes
Turn   | Place    | Note
-------+----------+-------------------------------------------
     0 | D:1      | Milting the Draconian Fire Elementalist began the quest for
                  | the Orb.
     0 | D:1      | Reached XP level 1. HP: 14/14 MP: 3/3
   314 | D:1      | Reached XP level 2. HP: 22/22 MP: 1/5
   838 | D:1      | Reached XP level 3. HP: 27/27 MP: 6/6
   947 | D:1      | Reached skill level 1 in Fighting
  1315 | D:2      | Found a radiant altar of Vehumet.
  1358 | D:2      | Became a worshipper of Vehumet
  1458 | D:2      | Noticed an ogre
  1469 | D:2      | Mangled by an ogre

Illustrated notes

Levels and vault maps discovered:
D:1:      lightli_arrival_lavapool, layout_basic
D:2:      layout_rooms, lemuel_coloured_pillars_altar, dancing_weapons_uskayaw,
          fiery_altar_vehumet, nicolae_gozag_cash_rules_everything_around_me,
          nicolae_tso_swordbearing_angel, first_ration, uniq_sigmund

Skill      XL: |  1  2  3 |
---------------+----------+-----
Dodging        | 2 |  2.1
Fighting       | 1 |  1.1
Stealth        | |  1.7
Unarmed Combat | |  0.8
Spellcasting   | |  2.3
Conjurations   | |  1.5
Fire Magic     | |  3.4

Action                   || total
-------------------------++-------
Melee: Unarmed           ||    38
       Tailslap          ||     5
 Cast: Foxfire           ||    39
 Stab: Sleeping          ||     4
  Eat: Chunk             ||     2
Armor: Skin              ||    16
Dodge: Dodged            ||    53
